AoeStats
← cfbarragan

Arabia

510234601Analyzed
1v1 RM · 3d ago on Sep 30, 2026· 33m 6s· 2 players
Game mode
Random Map
Map size
Tiny (2 player)
Population
200
Speed
Normal
Resources
Standard
Victory
Conquest
Starting age
Dark Age
Ending age
Imperial Age
RankedLock teamsTeams togetherTeam positionsShared explorationLock speedFull tech treeHidden civsTurbo modeCheats
Victory
Defeat
🇦🇷 Ethiopians · Argentina
1085
+18
🇦🇷 Berbers · Argentina
1121
-18
PedritoFurioso
7:23 Loom
9:38 Feudal Age
9:53 Man-at-Arms
10:23 Double-Bit Axe
14:44 Wheelbarrow
14:28 Double-Bit Axe
15:43 Fletching
20:10 Wheelbarrow
22:03 Castle Age
21:07 Horse Collar
21:28 Padded Archer Armor
21:26 Gold Mining
23:13 Wheelbarrow
22:06 Crossbowman
22:43 Bodkin Arrow
23:07 Town Watch
24:35 Ballistics
27:45 Elite Skirmisher
28:51 Leather Archer Armor
28:53 Scale Barding Armor
30:18 Husbandry
30:56 Hand Cart
31:06 Chain Barding Armor
cfbarragan
7:22 Loom
10:16 Feudal Age
11:24 Double-Bit Axe
13:14 Town Watch
18:08 Padded Archer Armor
22:13 Wheelbarrow
24:57 Castle Age
23:15 Horse Collar
23:57 Fletching
25:54 Leather Archer Armor
30:34 Bodkin Arrow
Connection lost

Rejoining the realm…

Still unreachable

The connection could not be restored.

Session expired

The server has moved on; the page needs a fresh start.